 Dungeon Crawl Stone Soup version 0.31-a0-210-gccc998df9b (webtiles) character file.

Game seed: 2930073802077986929

23 qw the Shooter (level 3, 0/20 HPs)
             Began as a Gargoyle Hexslinger on June 29, 2023.
             Slain by a worm (5 damage)
             ... on level 2 of the Dungeon.
             The game lasted 00:00:16 (1058 turns).

qw the Shooter (Gargoyle Hexslinger)                Turns: 1058, Time: 00:00:17

Health: 0/20       AC:  3    Str: 11    XL:     3   Next: 0%
Magic:  4/4        EV: 12    Int: 13    God:
Gold:   92         SH:  5    Dex: 14    Spells: 3/4 levels left

rFire   . . .        Y - +1 sling
rCold   . . .        (no shield)
rNeg    + . .        (no body armour)
rPois   inf          (no helmet)
rElec   +            (no cloak)
rCorr   .            (no gloves)
SInv    .            (no boots)
Will    .....        d - amulet of reflection
Stlth   +            (no ring)
HPRegen 0.23/turn    (no ring)
MPRegen 0.09/turn

%: reflection
@: no status effects
A: sickness immunity, AC +3, negative energy resistance 1, electricity
resistance, torment resistance 1, petrification resistance
a: no special abilities


You were on level 2 of the Dungeon.
You visited 1 branch of the dungeon, and saw 2 of its levels.

You collected 92 gold pieces.


Innate Abilities, Weirdness & Mutations

You are immune to sickness and miasma.
Your stone body is resilient. (AC +3)
You are immune to poison.
You resist negative energy. (rN+)
You are resistant to electric shocks. (rElec)
You are resistant to unholy torment.
You are immune to petrification.


   Skills:
 + Level 1.2 Fighting
 - Level 3.3 Ranged Weapons
 - Level 1.5 Dodging
 - Level 1.0 Spellcasting
 - Level 2.6 Hexes


You had 3 spell levels left.
You knew the following spells:

 Your Spells              Type           Power      Damage    Failure   Level
a - Slow                  Hex            28%        N/A       10%         1

Your spell library contained the following spells:

 Spells                   Type           Power      Damage    Failure   Level
 Inner Flame              Hex/Fire       4%         N/A       43%         3
 Portal Projectile        Hex/Tloc       8%         N/A       43%         3
 Cause Fear               Hex            3%         N/A       67%         4

Inventory:

Hand Weapons
 Y - a +1 sling (weapon)
Armour
 c - a +0 robe
 f - a +0 ring mail
Jewellery
 d - an amulet of reflection (around neck)
 h - a ring of ice
Scrolls
 a - a scroll of blinking {unknown}
 b - a scroll of vulnerability {unknown}
 g - a scroll of noise {unknown}
Potions
 e - a potion of enlightenment {unknown}
 i - 2 potions of curing

Dungeon Overview and Level Annotations

Branches:
Dungeon (2/15)

Altars:


Message History

The bat hits you but does no damage.
You shoot a sling bullet.
The sling bullet closely misses the bat.
The bat hits you but does no damage.
You shoot a sling bullet.
The sling bullet completely misses the bat.
The bat barely misses you.
You shoot a sling bullet. The sling bullet hits the bat.
You kill the bat!
You have reached level 3!
Your experience leads to an increase in your attributes!
Increase (S)trength, (I)ntelligence, or (D)exterity?
You feel agile. x2
A worm comes into view.
Enter note:
Enter note:
1047 ||| UPGRADING to +0 ring mail.
You start removing your armour.
You continue taking off your +0 robe. x4
The worm bites you!
You finish taking off your +0 robe.
You shoot a sling bullet. The sling bullet hits the worm.
The worm is lightly wounded.
You shoot a sling bullet. The sling bullet hits the worm.
The worm is lightly wounded.
The worm barely misses you.
You shoot a sling bullet. The sling bullet hits the worm.
The worm is moderately wounded.
The worm bites you!
You shoot a sling bullet. The sling bullet hits the worm.
The worm is heavily wounded.
The worm misses you.
You shoot a sling bullet. The sling bullet hits the worm.
The worm is severely wounded.
You shoot a sling bullet.
The sling bullet barely misses the worm.
The worm bites you but does no damage.
You shoot a sling bullet. The sling bullet hits the worm.
The worm is severely wounded.
The worm bites you.
You die...

.#.#. . .... .7
# ...# ~7. #
#..# ~7~. # #..#
~~~7 # #
###..###P~7~~. #
#.#..)..@w..~~~7
#
....#...##...~~~
#
#.##.....#...~~7
#
#...............
#
######.#####7...
# #.# 7. #.# #
##'## ######.#
##...## #....#.#
####


You could see a worm.

Vanquished Creatures
  An adder (D:2)
  4 bats
  An endoplasm (D:1)
  A giant cockroach (D:2)
  2 goblins
  2 hobgoblins (D:1)
  A frilled lizard (D:1)
  2 kobolds (D:1)
14 creatures vanquished.

Notes
Turn   | Place    | Note
-------+----------+-------------------------------------------
     0 | D:1      | qw the Gargoyle Hexslinger began the quest for the Orb.
     0 | D:1      | Reached XP level 1. HP: 12/12 MP: 2/2
     0 | D:1      | 0 ||| qw: Version: 0.3-a-24-ga2abf7b
     0 | D:1      | 0 ||| qw: Game counter: 7011
     0 | D:1      | 0 ||| qw: Melee chars always use a shield: true
     0 | D:1      | 0 ||| qw: God list: Okawaru
     0 | D:1      | 0 ||| qw: Allow faded altars: false
     0 | D:1      | 0 ||| qw: Do Orc after clearing Dungeon:15 true
     0 | D:1      | 0 ||| qw: Do second Lair branch before Depths: true
     0 | D:1      | 0 ||| qw: Lair rune preference: random
     0 | D:1      | 0 ||| qw: Goals: Normal
     0 | D:1      | 0 ||| PLANNING D:1-11
   332 | D:1      | Reached XP level 2. HP: 16/16 MP: 3/3
   781 | D:1      | 781 ||| UPGRADING to amulet of reflection.
   786 | D:1      | 786 ||| READING scroll labelled QUEGYNNOUS.
   787 | D:1      | 787 ||| READING scroll labelled WOMEUM DITIC.
   788 | D:1      | 788 ||| DRINKING 3 pink potions.
   789 | D:1      | 789 ||| DROPPING scroll of poison.
   994 | D:2      | Reached skill level 3 in Ranged Weapons
  1035 | D:2      | Reached XP level 3. HP: 20/20 MP: 4/4
  1047 | D:2      | 1047 ||| UPGRADING to +0 ring mail.
  1054 | D:2      | HP: 3/20 [worm (9)]
  1058 | D:2      | Slain by a worm

Levels and vault maps discovered:
D:1:      denvon_arrival_planthouse, layout_basic
D:2:      layout_loops_corners, dreamdust_ecumenical_altar_grove,
          serial_bayou_pond_a

Skill      XL: |  1  2 |
---------------+-------+-----
Ranged Weapons | 3 |  3.3
Fighting       | |  1.2
Dodging        | |  1.5
Spellcasting   | |  1.0
Hexes          | |  2.6

Action                     || total
---------------------------++-------
   Fire: Sling             ||    46
    Use: Scroll            ||     2
         Potion            ||     1
 Armour: Robe              ||     4
         Skin              ||     1
  Dodge: Dodged            ||    13

Table legend:
 A = Non-vault XP
 B = Vault XP
 C = Vault XP percentage of total XP
 D = Non-vault monster count
 E = Vault monster count
 F = Vault count percentage of total count
                 A         B        C        D         E       F
            +---------+---------+-------+---------+---------+-------
      Total |      34 |       0 |   0.0 |      14 |       0 |   0.0
            +---------+---------+-------+---------+---------+-------
        D:1 |      16 |       0 |   0.0 |      10 |       0 |   0.0
        D:2 |      18 |       0 |   0.0 |       4 |       0 |   0.0
            +---------+---------+-------+---------+---------+-------
